 Dungeon Crawl Stone Soup version 0.25.1-2-g60ff931df9 (webtiles) character file.

Game seed: 2289190870861429515

69 Morbidden the Ruffian (level 4, -2/36 HPs)
             Began as a Draconian Transmuter on Aug 8, 2020.
             Slain by an adder (3 damage)
             ... on level 2 of the Dungeon.
             The game lasted 00:01:44 (1079 turns).

Morbidden the Ruffian (Draconian Transmuter)        Turns: 1079, Time: 00:01:45

Health: -2/36      AC:  5    Str: 13    XL:     4   Next: 2%
Magic:  6/8        EV: 12    Int: 14    God:
Gold:   28         SH:  0    Dex: 11    Spells: 5/8 levels left

rFire    . . .     SeeInvis .     - Unarmed
rCold    . . .     Gourm    .   (no shield)
rNeg     . . .     Faith    .   (armour unavailable)
rPois    .         Spirit   .   (helmet restricted)
rElec    .         Reflect  .   (no cloak)
rCorr    .         Harm     .   (no gloves)
MR       .....                  (no boots)
Stlth    +.........             (no amulet)
HPRegen  0.12/turn              (no ring)
MPRegen  0.11/turn              (no ring)

@: mighty, lethally poisoned (-2 -> -11), appendage (expiring)
A: unfitting armour, horns 2, cold-blooded, AC +5
a: End Transformation


You were on level 2 of the Dungeon.
You were hungry.
You had grown temporary horns.
You visited 1 branch of the dungeon, and saw 2 of its levels.

You collected 28 gold pieces.

Inventory:

Missiles
 a - 30 arrows
Jewellery
 f - a +4 ring of evasion {unknown}
Scrolls
 b - a scroll of magic mapping {unknown}
 d - a scroll of immolation {unknown}
 e - a scroll of blinking {unknown}
 h - a scroll of amnesia {unknown}
 j - a scroll of identify {unknown}
Comestibles
 c - 7 rations


   Skills:
 * Level 1.6 Fighting
 * Level 2.2 Dodging
 + Level 0.8 Stealth
 + Level 3.6 Unarmed Combat
 * Level 2.7 Spellcasting
 + Level 2.2 Transmutations


You had 5 spell levels left.
You knew the following spells:

 Your Spells              Type           Power        Failure   Level  Hunger
a - Beastly Appendage     Tmut           #.....       9%          1    #......
b - Sticks to Snakes      Tmut           #.......     14%         2    ###....

Your spell library contained the following spells:

 Spells                   Type           Power        Failure   Level  Hunger
 Spider Form              Tmut/Pois      #.........   38%         3    ###....
 Ice Form                 Ice/Tmut       #.......     80%         4    #####..
 Blade Hands              Tmut           #.........   94%         5    ######.


Dungeon Overview and Level Annotations

Branches:
Dungeon (2/15)

Altars:


Innate Abilities, Weirdness & Mutations

Your plain brown scales are hard. (AC +5)
You cannot fit into any form of body armour.
You are cold-blooded and may be slowed by cold attacks.
You have a pair of horns on your head.


Message History

You are more poisoned.
The adder poisons you!
You punch the adder!
You kill the adder!
You have reached level 4!
You feel clever.
* * * LOW HITPOINT WARNING * * *
You feel sick. The adder bites you.
* * * LOW HITPOINT WARNING * * *
Unknown command.
The hobgoblin shouts!
You hit the adder. Your headbutt misses the adder.
The adder is moderately wounded.
* * * LOW HITPOINT WARNING * * *
You feel sick. The adder bites you but does no damage.
You closely miss the adder.
The adder is moderately wounded.
* * * LOW HITPOINT WARNING * * *
You feel sick. The adder bites you.
You die...

###. ... ... #.
#.# . #.####.#
.##.g....#### #.
.......rS@.# #
#.###
#...##.####.# .S
...#
#...##......## ...
S.# #.#.##S......#
#.#
#.###.....r#######
#.# #S.##.#w##.#
#.###..##......#
..............$#
#.......###.....#


You could see an adder, a hobgoblin and a rat.

Vanquished Creatures
  5 adders (D:2)
  2 dart slugs (D:1)
  6 bats
  A giant cockroach (D:1)
  2 goblins (D:1)
  A hobgoblin (D:1)
  A kobold (D:1)
  2 frilled lizards (D:1)
  4 rats (D:1)
24 creatures vanquished.

Notes
Turn   | Place    | Note
-------+----------+-------------------------------------------
     0 | D:1      | Morbidden the Draconian Transmuter began the quest for the
                  | Orb.
     0 | D:1      | Reached XP level 1. HP: 16/16 MP: 3/3
   237 | D:1      | Reached XP level 2. HP: 21/23 MP: 3/5
   634 | D:1      | Learned a level 2 spell: Sticks to Snakes
   987 | D:2      | Reached XP level 3. HP: 26/28 MP: 2/6
  1038 | D:2      | HP: 1/28 [adder (1)]
  1077 | D:2      | Reached XP level 4. HP: 7/36 MP: 6/8
  1079 | D:2      | HP: 1/36 [poisoned by an adder]
  1079 | D:2      | Slain by an adder

Illustrated notes

Levels and vault maps discovered:
D:1:      tarquinn_simple_flora_water_a, layout_basic, minmay_misc_feat_five
D:2:      layout_basic

Skill      XL: |  1  2 |
---------------+-------+-----
Dodging        | 2 |  2.2
Fighting       | |  1.6
Stealth        | |  0.8
Unarmed Combat | |  3.6
Spellcasting   | |  2.7
Transmutations | |  2.2

Action                   |  1- 3 |  4- 6 || total
-------------------------+-------+-------++-------
Melee: Unarmed           |    89 |     2 ||    91
       Kick              |     6 |       ||     6
       Tailslap          |     2 |       ||     2
       Headbutt          |     1 |       ||     1
 Cast: Beastly Appendage |    12 |       ||    12
  Use: Potion            |     3 |       ||     3
Armor: Skin              |    50 |     1 ||    51
Dodge: Dodged            |    80 |       ||    80
